 Dungeon Crawl Stone Soup version 0.25-a0-378-gd2ca0b7745 (webtiles) character file.

Game seed: 14471937017979934318, levelgen mode: deterministic

180 PentaManta the Chopper (level 5, -10/32 HPs)
             Began as a Gargoyle Monk on Jan 7, 2020.
             Engulfed by a cloud of flame (17 damage)
             ... on level 3 of the Dungeon.
             The game lasted 00:04:29 (2569 turns).

PentaManta the Chopper (Gargoyle Monk)              Turns: 2569, Time: 00:04:35

Health: -10/32     AC:  9    Str: 15    XL:     5   Next: 60%
Magic:  5/5        EV: 11    Int: 11    God:
Gold:   96         SH:  0    Dex: 12    Spells: 4/4 levels left

rFire    . . .     SeeInvis .   a - +0 hand axe
rCold    + . .     Gourm    .   (no shield)
rNeg     + . .     Faith    .   j - +0 ring mail {rC+}
rPois    ∞         Spirit   .   (no helmet)
rElec    +         Reflect  .   (no cloak)
rCorr    .         Harm     .   (no gloves)
MR       .....                  (no boots)
Stlth    +.........             (no amulet)
HPRegen  0.10/turn              (no ring)
MPRegen  0.09/turn              (no ring)

@: no status effects
A: negative energy resistance 1, electricity resistance, unbreathing,
petrification resistance, rot immunity, AC +4
a: no special abilities


You were on level 3 of the Dungeon.
You were hungry.

You visited 1 branch of the dungeon, and saw 3 of its levels.

You collected 96 gold pieces.

Inventory:

Hand Weapons
 a - a +0 hand axe (weapon)
 b - a +2 short sword of venom
 g - a +0 dagger
Missiles
 l - 3 poisoned darts (quivered)
Armour
 j - a +0 ring mail of cold resistance (worn)
Jewellery
 m - an uncursed ring of stealth {unknown}
Scrolls
 h - a scroll of identify
 k - 2 scrolls of teleportation
Potions
 d - 2 potions of berserk rage
 f - a potion of agility
 i - a potion of cancellation
Comestibles
 c - 3 rations


   Skills:
 - Level 3.2 Fighting
 + Level 5.5 Axes
 - Level 2.4 Dodging
 - Level 2.1 Stealth


You had 4 spell levels left.
You didn't know any spells.
Your spell library was empty.

Dungeon Overview and Level Annotations

Branches:
Dungeon (3/15)

Altars:
Gozag
Makhleb
Nemelex Xobeh


Innate Abilities, Weirdness & Mutations

You are resistant to torment.
Your stone body is resilient. (AC +4)
You are immune to poison.
You resist negative energy. (rN+)
You are resistant to electric shocks. (rElec)
You can survive without breathing.
You are immune to petrification.
You are immune to rotting.


Message History

HP restored.
You open the door.
You see here a rat corpse.
m - a golden ring
Found a stone staircase leading down.
You see here a leather armour.
A rat comes into view.
As you read the scroll labeled IGGAGG NUCIO, it crumbles to dust.
The creatures around you are filled with an inner flame!
It was a scroll of immolation.
A rat is nearby!
A rat is nearby!
You hit the rat.
The rat explodes!
The fiery explosion engulfs you!!
Ouch! That really hurt!
* * * LOW HITPOINT WARNING * * *
You are engulfed in blazing flames.
Ouch! That really hurt!
You die...

..##.#.#............#############
...#...#............# #.......
......##......%.....######.......
......##........#####............
......##.........# #............
......###........# #............
.......##........# #............
.......##.....§§§####............
.......##.......@................
.......##.....§§§..........#....#
.......##..................#.....
....##!......#....####.......#...
....##.......#....# #...........
....##.......#....####...........
....##.=.........................
.................................
....................÷......#####.


There were no monsters in sight!

Vanquished Creatures
  A bullfrog skeleton (D:3)
  Terence (D:2)
  A worker ant (D:2)
  2 adders (D:2)
  A worm (D:3)
  6 dart slugs
  2 ball pythons (D:2)
  2 giant cockroaches
  5 goblins
  8 hobgoblins
  3 jackals (D:2)
  7 kobolds
  A quokka (D:2)
  13 bats
  6 frilled lizards
  13 rats
72 creatures vanquished.

Notes
Turn   | Place    | Note
-------+----------+-------------------------------------------
     0 | D:1      | PentaManta the Gargoyle Monk began the quest for the Orb.
     0 | D:1      | Reached XP level 1. HP: 14/14 MP: 1/1
    82 | D:1      | Reached skill level 3 in Axes
   324 | D:1      | Reached XP level 2. HP: 11/19 MP: 2/2
   836 | D:1      | Reached XP level 3. HP: 23/23 MP: 3/3
  1061 | D:2      | Noticed Terence
  1065 | D:2      | Reached skill level 4 in Axes
  1086 | D:2      | Killed Terence
  1086 | D:2      | Reached XP level 4. HP: 21/28 MP: 4/4
  1156 | D:2      | Found a burning altar of Makhleb.
  1449 | D:2      | Reached skill level 5 in Axes
  1449 | D:2      | Reached XP level 5. HP: 25/32 MP: 5/5
  1574 | D:2      | Found an opulent altar of Gozag.
  2412 | D:3      | Found a sparkling altar of Nemelex Xobeh.
  2569 | D:3      | Engulfed by a cloud of flame

Levels and vault maps discovered:
D:1:      co_arrival_random_square_maze, layout_rooms
D:2:      layout_loops_ring, lemuel_doored_altar, overflow_temple_1_default,
          uniq_terence
D:3:      layout_basic, nicolae_overflow_hidden_temple

Skill      XL: |  1  2  3  4 |
---------------+-------------+-----
Axes           | 3 4 5 |  5.5
Fighting       | |  3.2
Dodging        | |  2.4
Stealth        | |  2.1

Action                   |  1- 3 |  4- 6 || total
-------------------------+-------+-------++-------
Melee: Hand axe          |   124 |   169 ||   293
       Dagger            |     9 |       ||     9
  Use: Scroll            |     3 |     6 ||     9
 Stab: Sleeping          |     1 |     2 ||     3
  Eat: Chunk             |       |     5 ||     5
Armor: Robe              |    24 |       ||    24
       Ring mail         |    24 |    78 ||   102
Dodge: Dodged            |    75 |   128 ||   203

Table legend:
 A = Non-vault XP
 B = Vault XP
 C = Vault XP percentage of total XP
 D = Non-vault monster count
 E = Vault monster count
 F = Vault count percentage of total count
                 A         B        C        D         E       F
            +---------+---------+-------+---------+---------+-------
      Total |     222 |      36 |  14.0 |      71 |       1 |   1.4
            +---------+---------+-------+---------+---------+-------
        D:1 |      48 |       0 |   0.0 |      27 |       0 |   0.0
        D:2 |     101 |      36 |  26.3 |      24 |       1 |   4.0
        D:3 |      73 |       0 |   0.0 |      20 |       0 |   0.0
            +---------+---------+-------+---------+---------+-------
